[Event "ICC Open 2015"]
[Site "Internet Chess Club"]
[Date "2015.05.30"]
[Round "9"]
[White "Neurisdr"]
[Black "gmgattass"]
[Result "0-1"]
[ICCResult "White resigns"]
[WhiteElo "2801"]
[BlackElo "2318"]
[Opening "French: Tarrasch, closed variation"]
[ECO "C05"]
[NIC "FR.16"]
[Time "20:26:34"]
[TimeControl "180+0"]

1. e4 e6 2. d4 d5 3. Nd2 Nf6 4. e5 Nfd7 5. f4 c5 6. c3 Nc6 7. Ndf3 a6 8. Bd3
b5 9. Ne2 c4 10. Bc2 Rb8 11. O-O g6 12. Ng5 Qe7 13. Qe1 a5 14. g4 h6 15. Nf3
h5 16. h3 hxg4 17. hxg4 b4 18. Kg2 Nb6 19. Ng3 Kd7 20. f5 gxf5 21. gxf5 Kc7
22. f6 Qe8 23. Rh1 Rg8 24. Rh7 Nd8 25. Ng5 a4 26. a3 bxc3 27. bxc3 Bd7 28.
Qe2 Nc8 29. Qh5 Rb3 30. Bxb3 cxb3 31. Nxf7 Nb6 32. Ng5 Qxh5 33. Nxh5 Nc4 34.
Rb1 Nxa3 35. f7 Rxg5+ 36. Bxg5 Nxb1 37. Bh6 Bxh6 38. Rxh6 Nxf7 {White
resigns} 0-1

[Event "ICC Open 2015"]
[Site "Internet Chess Club"]
[Date "2015.05.30"]
[Round "9"]
[White "Huemul"]
[Black "fallingstar100"]
[Result "0-1"]
[ICCResult "White resigns"]
[WhiteElo "1302"]
[BlackElo "1503"]
[Opening "KP: Indian opening"]
[ECO "C20"]
[NIC "KP.10"]
[Time "20:27:37"]
[TimeControl "180+0"]

1. e4 e5 2. d3 Nf6 3. Nf3 Nc6 4. Bd2 d5 5. exd5 Nxd5 6. Nc3 Be6 7. Nxd5 Bxd5
8. Be2 Bc5 9. O-O O-O 10. c3 Re8 11. b4 Bb6 12. a4 a6 13. a5 Ba7 14. Bg5 f6
15. Bh4 Qd7 16. Bg3 Rad8 17. Nh4 e4 18. d4 e3 19. fxe3 Rxe3 20. Bh5 Bc4 21.
Rf3 Rxf3 22. Qxf3 Bd5 23. Qf4 Bb8 24. Bg4 Be6 25. Bxe6+ Qxe6 26. Nf5 Re8 27.
h3 Ne7 28. Qf2 Nxf5 29. Re1 Qxe1+ {White resigns} 0-1

[Event "ICC Open 2015"]
[Site "Internet Chess Club"]
[Date "2015.05.30"]
[Round "9"]
[White "PedroRomero2"]
[Black "supermouse"]
[Result "0-1"]
[ICCResult "White resigns"]
[WhiteElo "2342"]
[BlackElo "2696"]
[Opening "Modern defense: Averbakh system, Kotov variation"]
[ECO "B07"]
[NIC "KF.03"]
[Time "20:25:55"]
[TimeControl "180+0"]

1. d4 d6 2. e4 g6 3. c4 Bg7 4. Nc3 Nc6 5. d5 Nd4 6. Be3 c5 7. dxc6 Nxc6 8.
Qd2 Nf6 9. f3 Be6 10. Rc1 Qa5 11. b3 O-O 12. Nge2 Rfc8 13. Nf4 a6 14. Nxe6
fxe6 15. Na4 Qxd2+ 16. Kxd2 Nd7 17. g3 Nd8 18. h4 Rab8 19. Ba7 Ra8 20. Nb6
Nxb6 21. Bxb6 Rc6 22. Be3 Rac8 23. Bh3 b5 24. cxb5 Bc3+ 25. Kd3 axb5 26. a3
Bb2 27. Rxc6 Rxc6 28. a4 Rc3+ 29. Kd2 Rxb3 30. Bb6 bxa4 31. Bxd8 Kf7 32. Kc2
Rb8 33. Ba5 a3 34. f4 a2 {White resigns} 0-1

[Event "ICC Open 2015"]
[Site "Internet Chess Club"]
[Date "2015.05.30"]
[Round "9"]
[White "RJoseph12"]
[Black "gibert"]
[Result "0-1"]
[ICCResult "White checkmated"]
[WhiteElo "1241"]
[BlackElo "1608"]
[Opening "Ruy Lopez: Bird's defense"]
[ECO "C61"]
[NIC "RL.05"]
[Time "20:26:28"]
[TimeControl "180+0"]

1. e4 e5 2. Nf3 Nc6 3. Bb5 Nd4 4. Nxd4 exd4 5. O-O Bc5 6. d3 Ne7 7. Bc4 O-O
8. Bg5 Qe8 9. Nd2 Ng6 10. Nf3 c6 11. Nh4 Nxh4 12. Bxh4 Be7 13. Qg4 d5 14.
Qg3 dxc4 15. dxc4 Bxh4 16. Qxh4 Be6 17. Rfd1 c5 18. c3 dxc3 19. bxc3 Bxc4
20. e5 Be6 21. Rd3 Qc6 22. Rg3 g6 23. Qg5 Bd5 24. h4 Rae8 25. h5 Re6 26.
hxg6 Rxg6 27. Qf5 Qe6 28. Rxg6+ fxg6 29. Qd3 Bc4 30. Qg3 b5 31. Rd1 Rf5 32.
Rd6 Qxe5 33. Rd8+ Kg7 34. Rd7+ Bf7 35. Qh4 Rh5 36. Qg4 Qe1# {White
checkmated} 0-1

[Event "ICC Open 2015"]
[Site "Internet Chess Club"]
[Date "2015.05.30"]
[Round "9"]
[White "brizito"]
[Black "Bagelhead"]
[Result "1/2-1/2"]
[ICCResult "Game drawn by mutual agreement"]
[WhiteElo "1781"]
[BlackElo "2356"]
[Opening "Queen's pawn game, Rubinstein (Colle-Zukertort) variation"]
[ECO "D05"]
[NIC "QP.06"]
[Time "20:26:44"]
[TimeControl "180+0"]

1. d4 Nf6 2. Nf3 e6 3. e3 d5 4. Bd3 c5 5. b3 Nc6 6. Bb2 Bd6 7. Nbd2 O-O 8.
O-O b6 9. a3 Bb7 10. Qe2 Ne7 11. Ne5 Ne4 12. Bxe4 dxe4 13. dxc5 Bxc5 14.
Rfd1 Qc7 15. Qg4 f5 16. Qg3 b5 17. Nd7 Qxg3 18. hxg3 Rfc8 19. c4 bxc4 20.
Nxc4 Bd5 21. Rac1 Rc7 22. Nxc5 Rxc5 23. Nd6 Rxc1 24. Rxc1 Rd8 25. Rc7
{Game drawn by mutual agreement}
1/2-1/2

[Event "ICC Open 2015"]
[Site "Internet Chess Club"]
[Date "2015.05.30"]
[Round "9"]
[White "Shafkat"]
[Black "ALexiz"]
[Result "1-0"]
[ICCResult "Black checkmated"]
[WhiteElo "1639"]
[BlackElo "1785"]
[Opening "Sicilian: Najdorf, Zagreb (fianchetto) variation"]
[ECO "B91"]
[NIC "SI.14"]
[Time "20:26:05"]
[TimeControl "180+0"]

1. e4 c5 2. Nf3 d6 3. d4 cxd4 4. Nxd4 Nf6 5. Nc3 a6 6. g3 e5 7. Nde2 h5 8.
Bg2 Be7 9. h3 b6 10. Bg5 Nbd7 11. Qd2 Bb7 12. O-O-O b5 13. Bxf6 Nxf6 14. Nd5
Nxd5 15. exd5 f5 16. Kb1 O-O 17. f4 e4 18. Nd4 Bxd5 19. Nxb5 Bxa2+ 20. Kxa2
axb5+ 21. Kb1 Qb6 22. Qd5+ Kh8 23. g4 Qa6 24. c3 Qa1+ 25. Kc2 Qa4+ 26. Qb3
fxg4 27. hxg4 g6 28. gxh5 gxh5 29. Rxh5+ Kg7 30. Rg1 Qxb3+ 31. Kxb3 Rab8 32.
Bxe4+ Kf7 33. Rh7+ Ke8 34. Bc6+ Kd8 35. Rgg7 b4 36. Rxe7 bxc3+ 37. Kxc3 Rc8
38. Rd7+ Ke8 39. Rhe7# {Black checkmated} 1-0

[Event "ICC Open 2015"]
[Site "Internet Chess Club"]
[Date "2015.05.30"]
[Round "9"]
[White "ErnestoRondon"]
[Black "MasterZachary"]
[Result "0-1"]
[ICCResult "White resigns"]
[WhiteElo "1903"]
[BlackElo "2203"]
[Opening "Scotch: Göring gambit"]
[ECO "C44"]
[NIC "SO.06"]
[Time "20:25:44"]
[TimeControl "180+0"]

1. e4 e5 2. Nf3 Nc6 3. d4 exd4 4. c3 Nf6 5. e5 Ne4 6. cxd4 d5 7. Nc3 Bb4 8.
Bd2 O-O 9. Bd3 Bg4 10. Nxe4 dxe4 11. Bxe4 Bxd2+ 12. Qxd2 Bxf3 13. Bxf3 Nxd4
14. Bd1 Re8 15. Qe3 Nf5 16. Qf4 Qd5 17. O-O Qxe5 18. Qf3 Nd4 19. Qd3 Rad8
20. Kh1 Ne6 21. Qb3 Nc5 22. Qc2 Ne4 23. Bf3 Rd2 24. Qxe4 Qxe4 25. Bxe4 Rxe4
26. Rac1 c6 27. Rcd1 Ree2 28. Rxd2 Rxd2 29. Kg1 Rxb2 30. g3 Rxa2 31. Rd1 Kf8
32. Rd7 Rb2 33. Rd8+ Ke7 34. Ra8 a6 35. Ra7 Ke6 36. Kg2 c5 37. Kf3 c4 38.
Ra8 b5 39. Ke3 Ra2 40. f4 b4 41. Kd4 c3 42. Kd3 Rd2+ 43. Ke3 Rd6 44. Rb8 c2
45. Rc8 b3 {White resigns} 0-1

[Event "ICC Open 2015"]
[Site "Internet Chess Club"]
[Date "2015.05.30"]
[Round "9"]
[White "Blondicheck"]
[Black "geographywhiz"]
[Result "1-0"]
[ICCResult "Black resigns"]
[WhiteElo "1622"]
[BlackElo "1900"]
[Opening "French: Réti (Spielmann) variation"]
[ECO "C00"]
[NIC "FR.01"]
[Time "20:27:08"]
[TimeControl "180+0"]

1. e4 e6 2. b3 d5 3. Bb2 dxe4 4. Nc3 Nf6 5. Qe2 c5 6. Nxe4 Be7 7. Nf3 Nc6 8.
O-O-O b6 9. d4 cxd4 10. Nxd4 Qc7 11. Nxc6 Qxc6 12. Nxf6+ Bxf6 13. Bxf6 gxf6
14. Qb5 Qxb5 15. Bxb5+ Ke7 16. Rd2 a6 17. Bc6 Rb8 18. Rhd1 f5 19. Bd7 Bxd7
20. Rxd7+ Kf6 21. Ra7 Rhg8 22. g3 f4 23. Rdd7 Rbf8 24. Rxa6 fxg3 25. fxg3 h5
26. Rxb6 h4 27. Rd3 hxg3 28. Rxg3 Rxg3 29. hxg3 Rg8 30. a4 Ke5 31. a5 Rxg3
32. a6 Rg8 33. a7 Ra8 34. Rb7 f5 35. b4 f4 36. Kd2 Kd5 37. b5 e5 38. b6 Kc6
39. Rb8 f3 {Black resigns} 1-0

[Event "ICC Open 2015"]
[Site "Internet Chess Club"]
[Date "2015.05.30"]
[Round "9"]
[White "saya"]
[Black "penguingm1"]
[Result "0-1"]
[ICCResult "White checkmated"]
[WhiteElo "2619"]
[BlackElo "2838"]
[Opening "Queen's bishop game"]
[ECO "D02"]
[NIC "QP.08"]
[Time "20:25:51"]
[TimeControl "180+0"]

1. d4 d5 2. Nf3 Nf6 3. Bf4 e6 4. e3 c5 5. c3 Nc6 6. Nbd2 Bd6 7. Bg3 O-O 8.
Bd3 b6 9. O-O Bb7 10. Re1 Ne7 11. Rc1 Ne4 12. Bxe4 dxe4 13. Ng5 Bxg3 14.
hxg3 Qd5 15. Ngxe4 f5 16. c4 Qc6 17. d5 exd5 18. Ng5 dxc4 19. Ngf3 b5 20. b3
cxb3 21. Nxb3 Rfd8 22. Qc2 c4 23. Nbd4 Qd7 24. a4 a6 25. Nh4 Be4 26. Qb2
Rab8 27. Red1 Bd3 28. Nhf3 Ng6 29. Qa2 Kh8 30. Ne1 Be4 31. Kh2 Qe8 32. Rd2
Ne5 33. Kg1 h6 34. axb5 axb5 35. Qa5 b4 36. f4 Nd3 37. Nxd3 Bxd3 38. Nxf5
Bxf5 39. Rxd8 Rxd8 40. Rxc4 Rd1+ 41. Kh2 Qh5# {White checkmated} 0-1

[Event "ICC Open 2015"]
[Site "Internet Chess Club"]
[Date "2015.05.30"]
[Round "9"]
[White "zelog"]
[Black "playwaycool"]
[Result "0-1"]
[ICCResult "White forfeits on time"]
[WhiteElo "2075"]
[BlackElo "2372"]
[Opening "English: Caro-Kann defensive system"]
[ECO "A11"]
[NIC "EO.64"]
[Time "20:25:56"]
[TimeControl "180+0"]

1. c4 c6 2. g3 d5 3. Bg2 Nf6 4. Nf3 e6 5. O-O dxc4 6. a4 Bd6 7. Qc2 Nbd7 8.
Qxc4 Nb6 9. Qc2 O-O 10. Nc3 h6 11. d3 c5 12. Be3 Qe7 13. Rfc1 Bd7 14. a5
Nbd5 15. Nxd5 Nxd5 16. Bxc5 Rac8 17. Bxd6 Qxd6 18. Qd2 a6 19. d4 Nb4 20. Ne5
Rxc1+ 21. Rxc1 Nd5 22. Nxd7 Qxd7 23. Bxd5 Qxd5 24. Rc5 Qb3 25. Qc3 Qd1+ 26.
Kg2 Qxe2 27. Rc7 h5 28. Rxb7 Qe4+ 29. Qf3 Qxd4 30. Rb6 g6 31. b4 Rc8 32. h4
Rc3 33. Qa8+ Kg7 34. Rb8 Rc2 35. Rg8+ Kh7 36. Kh3 Rxf2 {White forfeits on
time} 0-1

[Event "ICC Open 2015"]
[Site "Internet Chess Club"]
[Date "2015.05.30"]
[Round "9"]
[White "LordProtector"]
[Black "nurmi"]
[Result "1-0"]
[ICCResult "Black resigns"]
[WhiteElo "2974"]
[BlackElo "2205"]
[Opening "Philidor: Improved Hanham variation"]
[ECO "B07"]
[NIC "PU.08"]
[Time "20:25:54"]
[TimeControl "180+0"]

1. e4 d6 2. d4 Nf6 3. Nc3 e5 4. Nf3 Nbd7 5. Bc4 Be7 6. O-O O-O 7. Re1 c6 8.
a4 a5 9. Bf1 h6 10. b3 Re8 11. Bb2 Bf8 12. g3 Qc7 13. Bg2 exd4 14. Nxd4 Ne5
15. h3 Bd7 16. f4 Ng6 17. Qd2 Rad8 18. Rad1 Bc8 19. Qf2 Ne7 20. g4 d5 21. e5
Nd7 22. Nce2 Ng6 23. Kh1 Be7 24. Nf5 Bc5 25. Qg3 Ndf8 26. Ned4 Ne6 27. Nxe6
fxe6 28. Nd4 Rf8 29. Rf1 Be7 30. Kh2 Bh4 31. Qe3 Rf7 32. Bc1 Rdf8 33. Ne2 c5
34. Qd3 Nxe5 35. fxe5 Qxe5+ 36. Kh1 g5 37. Qg6+ Rg7 38. Rxf8+ Kxf8 39. Rf1+
Kg8 40. Qe8+ Kh7 41. Rf8 Rc7 42. Rf7+ Rxf7 43. Qxf7+ Qg7 44. Qxg7+ Kxg7 45.
Bb2+ Kf7 46. Be5 Bf2 47. Bf3 Bd7 48. Kg2 Be3 49. Nc3 Bc6 50. Nd1 Bd2 51. Kf2
Bc1 52. Ke1 Bf4 53. Bc3 d4 54. Bxc6 bxc6 55. Bxa5 e5 56. Bb6 e4 57. Bxc5 Be5
58. a5 Ke8 59. a6 {Black resigns} 1-0

[Event "ICC Open 2015"]
[Site "Internet Chess Club"]
[Date "2015.05.30"]
[Round "9"]
[White "DropZone"]
[Black "ChillingGuy"]
[Result "1-0"]
[ICCResult "Black resigns"]
[WhiteElo "2076"]
[BlackElo "2320"]
[Opening "King's Indian: London system"]
[ECO "A48"]
[NIC "QP.03"]
[Time "20:26:26"]
[TimeControl "180+0"]

1. d4 Nf6 2. Nf3 g6 3. Bf4 Bg7 4. e3 O-O 5. h3 d6 6. Be2 c5 7. c3 Nc6 8.
Nbd2 b6 9. O-O Bb7 10. Bh2 Nd7 11. a3 e5 12. dxe5 Ndxe5 13. Nc4 Nxc4 14.
Bxc4 Ne5 15. Bd5 Qe7 16. Bxb7 Qxb7 17. Nxe5 dxe5 18. Qa4 b5 19. Qa5 Qb6 20.
Qxb6 axb6 21. Rfd1 Rfd8 22. Bg3 f5 23. Bh4 Rdb8 24. Rd7 b4 25. cxb4 cxb4 26.
Rc1 bxa3 27. bxa3 Rxa3 28. Rcc7 Bf8 29. Rxh7 Re8 30. Bf6 Be7 31. Rcxe7 Rxe7
32. Rxe7 e4 33. Rg7+ Kf8 34. Rxg6 Kf7 35. Rh6 b5 36. Bd4 b4 37. Rb6 Ra4 38.
g4 fxg4 39. hxg4 {Black resigns} 1-0

[Event "ICC Open 2015"]
[Site "Internet Chess Club"]
[Date "2015.05.30"]
[Round "9"]
[White "xwang1"]
[Black "DangerousDeath"]
[Result "1-0"]
[ICCResult "Black forfeits on time"]
[WhiteElo "1863"]
[BlackElo "1642"]
[Opening "French: Tarrasch, closed variation"]
[ECO "C05"]
[NIC "FR.17"]
[Time "20:26:11"]
[TimeControl "180+0"]

1. e4 e6 2. d4 d5 3. Nd2 Nf6 4. e5 Nfd7 5. Bd3 c5 6. c3 Nc6 7. Ne2 a6 8. O-O
b5 9. a4 b4 10. Nf3 Qb6 11. dxc5 Bxc5 12. Bf4 h6 13. Bc2 a5 14. Ned4 Ba6 15.
Re1 Rc8 16. Qd2 Qa7 17. Nb5 Qb6 18. Nd6+ Bxd6 19. exd6 O-O 20. Bxh6 bxc3 21.
bxc3 Nd8 22. Qg5 g6 23. Bxg6 Kh8 24. Bxf8 Nxf8 25. Qh6+ Kg8 26. Bh5 Qxd6 27.
Ng5 Rc7 28. Re3 f6 29. Rg3 Rg7 30. Qh7+ {Black forfeits on time} 1-0

[Event "ICC Open 2015"]
[Site "Internet Chess Club"]
[Date "2015.05.30"]
[Round "9"]
[White "Mighty-Penguin"]
[Black "Gruble"]
[Result "1-0"]
[ICCResult "Black resigns"]
[WhiteElo "2037"]
[BlackElo "1803"]
[Opening "Old Benoni: Franco-Benoni defense"]
[ECO "A43"]
[NIC "OI.09"]
[Time "20:25:59"]
[TimeControl "180+0"]

1. d4 c5 2. d5 e6 3. e4 exd5 4. exd5 d6 5. c4 Nf6 6. h3 g6 7. Nf3 Bg7 8. Bd3
O-O 9. O-O Nbd7 10. Nc3 Re8 11. Bf4 Ne5 12. Nxe5 dxe5 13. Be3 e4 14. Be2 b6
15. Qd2 a6 16. Rfd1 Nh5 17. a4 a5 18. d6 Be6 19. Nb5 Be5 20. Nc7 Qh4 21.
Bxh5 Qxh5 22. Nxa8 Rxa8 23. Bf4 Rd8 24. Bxe5 Qxe5 25. Rac1 f5 26. Qc3 Qxc3
27. Rxc3 Kf7 28. b3 Kf6 29. Rc2 Ke5 30. Rcd2 Rd7 31. Kf1 g5 32. Ke2 f4 33.
f3 e3 34. Rd3 Bf5 35. Rd5+ Ke6 36. Rc1 Rxd6 37. Rxd6+ Kxd6 38. Rd1+ Ke6 39.
Rd8 Bc2 40. Rb8 Bxb3 41. Rxb6+ {Black resigns} 1-0

[Event "ICC Open 2015"]
[Site "Internet Chess Club"]
[Date "2015.05.30"]
[Round "9"]
[White "jonesey"]
[Black "MichaelBluth"]
[Result "0-1"]
[ICCResult "White resigns"]
[WhiteElo "1947"]
[BlackElo "2358"]
[Opening "Scandinavian (center counter) defense"]
[ECO "B01"]
[NIC "SD.01"]
[Time "20:26:03"]
[TimeControl "180+0"]

1. e4 d5 2. exd5 Qxd5 3. Nc3 Qa5 4. Nf3 c6 5. d4 Nf6 6. Bc4 Bf5 7. O-O e6 8.
Re1 Bb4 9. Bd2 Nbd7 10. a3 Bxc3 11. Bxc3 Qc7 12. Ne5 Nxe5 13. dxe5 Nd7 14.
Bb4 c5 15. Bc3 O-O-O 16. Qe2 h5 17. b4 Nb6 18. Bb3 c4 19. Ba2 Nd5 20. Qf3
Bg4 21. Qg3 b5 22. a4 a6 23. axb5 axb5 24. Bb1 Bf5 25. Bd4 h4 26. Qf3 Kb8
27. c3 g5 28. Bxf5 exf5 29. Qxf5 Nf4 30. Ba7+ Kb7 31. Bd4 Qc6 32. Ra7+ Kb8
33. f3 Rxd4 34. Qxf7 Rd2 35. Rea1 Rxg2+ 36. Kf1 Qxf3+ {White resigns} 0-1

[Event "ICC Open 2015"]
[Site "Internet Chess Club"]
[Date "2015.05.30"]
[Round "9"]
[White "fito"]
[Black "HaraldEskilstu"]
[Result "1-0"]
[ICCResult "Black resigns"]
[WhiteElo "2360"]
[BlackElo "2069"]
[Opening "Queen's pawn: Chigorin variation"]
[ECO "D00"]
[NIC "QP.08"]
[Time "20:25:52"]
[TimeControl "180+0"]

1. d4 d5 2. Nc3 Nf6 3. Nf3 Bf5 4. g3 e6 5. Bg2 Bb4 6. O-O O-O 7. Bd2 c6 8.
a3 Bxc3 9. Bxc3 Be4 10. Rc1 Nbd7 11. Bb4 Re8 12. c4 a6 13. Re1 Nf8 14. e3 h6
15. Bf1 g5 16. Ne5 N8d7 17. f3 Bh7 18. Bd6 Nxe5 19. dxe5 Nd7 20. e4 dxe4 21.
fxe4 Bg6 22. b4 Nb6 23. Qd2 Qd7 24. Rcd1 Red8 25. c5 Nc8 26. h4 Nxd6 27.
exd6 gxh4 28. gxh4 e5 29. Kh2 Qg4 30. Bh3 Qxh4 31. Rg1 Kh7 32. Rg4 Qf6 33.
Rf1 Qg7 34. Rg3 a5 35. Rfg1 axb4 36. axb4 Rg8 37. Qf2 b6 38. cxb6 Rab8 39.
d7 Rbd8 40. Bf5 Qf8 41. Bxg6+ fxg6 42. Qxf8 Rdxf8 43. Rd3 Rd8 44. Rc1 Kg7
45. Rxc6 Kf7 46. b7 Ke7 47. Rc8 {Black resigns} 1-0

[Event "ICC Open 2015"]
[Site "Internet Chess Club"]
[Date "2015.05.30"]
[Round "9"]
[White "winginawolf"]
[Black "pranav-nsk"]
[Result "1/2-1/2"]
[ICCResult "Game drawn by repetition"]
[WhiteElo "1765"]
[BlackElo "1395"]
[Opening "Sicilian: Nimzovich-Rossolimo attack (without ...d6)"]
[ECO "B30"]
[NIC "SI.31"]
[Time "20:25:50"]
[TimeControl "180+0"]

1. e4 c5 2. Nf3 Nc6 3. Bb5 a6 4. Bxc6 bxc6 5. O-O d5 6. exd5 cxd5 7. d4 e6
8. Be3 Nf6 9. dxc5 Qc7 10. b4 a5 11. c3 axb4 12. cxb4 Rb8 13. a3 Bd7 14. g3
Be7 15. Bf4 Qb7 16. Bxb8 Qxb8 17. Ne5 Qxe5 18. Nd2 Ne4 19. Nxe4 Qxe4 20. Re1
Qc4 21. Rc1 Qb5 22. Qc2 O-O 23. c6 Rc8 24. cxd7 Rxc2 25. Rxc2 Qxd7 26. Rec1
h6 27. Rc7 Qd6 28. R1c6 Qe5 29. Rxe7 Qe1+ 30. Kg2 Qe4+ 31. Kf1 Qd3+ 32. Ke1
Qxa3 33. Rc8+ Kh7 34. Rcc7 Qxb4+ 35. Ke2 Qb2+ 36. Kd3 Qb3+ 37. Kd2 Qb4+ 38.
Kd3 Qe4+ 39. Kc3 Qe5+ 40. Kb4 Qb2+ 41. Kc5 Qc3+ 42. Kd6 Qb4+ 43. Kd7 Qb5+
44. Kd8 Qb8+ 45. Kd7 Qb5+ 46. Kd6 Qb6+ 47. Kd7 Qxf2 48. Ke8 Qxh2 49. Rxf7
Qxg3 50. Kf8 Qd6+ 51. Ke8 Qe5 52. Kf8 Qd6+ 53. Ke8 Qg3 54. Kf8 Qd6+
{Game drawn by repetition}
1/2-1/2

[Event "ICC Open 2015"]
[Site "Internet Chess Club"]
[Date "2015.05.30"]
[Round "9"]
[White "Kastor"]
[Black "kurumania"]
[Result "0-1"]
[ICCResult "White checkmated"]
[WhiteElo "2858"]
[BlackElo "2893"]
[Opening "Sicilian, Szén (`anti-Taimanov') variation"]
[ECO "B44"]
[NIC "SI.39"]
[Time "20:26:43"]
[TimeControl "180+0"]

1. e4 c5 2. Nf3 e6 3. d4 cxd4 4. Nxd4 Nc6 5. Nb5 d6 6. c4 Nf6 7. N1c3 a6 8.
Na3 b6 9. Be2 Bb7 10. O-O Be7 11. Be3 Ne5 12. f3 O-O 13. Qd2 Rc8 14. Rfd1
Qc7 15. Rac1 Rfe8 16. Kh1 Qb8 17. Bf1 Bd8 18. h3 Bc7 19. Bf4 Rcd8 20. Bg5
Ng6 21. Nc2 Rd7 22. Nd4 Nh5 23. Nde2 h6 24. Be3 b5 25. cxb5 d5 26. exd5 exd5
27. Nd4 Rde7 28. Nf5 Rxe3 29. Nxe3 Ng3+ 30. Kg1 Bb6 31. Re1 d4 32. Na4 dxe3
33. Qb4 a5 34. Qg4 e2+ 35. Nxb6 exf1=Q+ 36. Rxf1 Ne2+ 37. Kh1 Ng3+ 38. Kg1
Nf4 39. Nd7 Nfe2+ 40. Kf2 Qd6 41. Rfd1 Qe7 42. Rc7 Qe3+ 43. Ke1 Ng1#
{White checkmated}
0-1

[Event "ICC Open 2015"]
[Site "Internet Chess Club"]
[Date "2015.05.30"]
[Round "9"]
[White "karaivosa"]
[Black "pianoman"]
[Result "1-0"]
[ICCResult "Black forfeits on time"]
[WhiteElo "2264"]
[BlackElo "2007"]
[Opening "Caro-Kann: exchange, Rubinstein variation"]
[ECO "B13"]
[NIC "CK.02"]
[Time "20:25:57"]
[TimeControl "180+0"]

1. e4 c6 2. d4 d5 3. exd5 cxd5 4. Bd3 Nc6 5. c3 Nf6 6. Bf4 Bg4 7. Qb3 Qc8 8.
Nd2 e6 9. Ngf3 Be7 10. h3 Bh5 11. O-O O-O 12. Rfe1 a6 13. Ne5 Nxe5 14. Bxe5
Nd7 15. Bg3 b5 16. Re3 Bg6 17. Bxg6 hxg6 18. Rae1 Qc6 19. Qd1 Bd6 20. Qg4
Nf6 21. Qg5 Rab8 22. Nf3 Ne4 23. Qh4 Nxg3 24. fxg3 f6 25. Rxe6 Rfe8 26. Qg4
Kf7 27. Nh4 g5 28. Qh5+ Kf8 29. Ng6+ Kg8 30. Qh8+ Kf7 31. Rxe8 Rxe8 32. Rxe8
Qxe8 33. Qxe8+ Kxe8 34. h4 gxh4 35. gxh4 Kf7 36. h5 b4 37. Kf1 bxc3 38. bxc3
Ba3 39. Ke2 Bc1 40. g4 Ke6 41. Kd3 a5 42. c4 dxc4+ 43. Kxc4 Be3 44. a4 Kd6
45. d5 Bd2 46. Nf8 Bh6 47. Ne6 Kd7 48. Kb5 Kd6 49. Kc4 Kd7 50. Nc5+ Kd6 51.
Nb7+ Ke5 52. Nxa5 Kf4 53. d6 f5 54. Nc6 Bg5 55. gxf5 Kxf5 56. Kd5 Kg4 57.
Ke6 Kxh5 58. Ne7 {Black forfeits on time} 1-0

[Event "ICC Open 2015"]
[Site "Internet Chess Club"]
[Date "2015.05.30"]
[Round "9"]
[White "chesstempo2"]
[Black "DMDIS"]
[Result "1-0"]
[ICCResult "Black forfeits on time"]
[WhiteElo "2077"]
[BlackElo "1878"]
[Opening "Nimzovich-Larsen attack: Indian variation"]
[ECO "A01"]
[NIC "VO.08"]
[Time "20:25:46"]
[TimeControl "180+0"]

1. b3 Nf6 2. Bb2 g6 3. g3 Bg7 4. Bg2 O-O 5. d3 d6 6. Nd2 a5 7. a3 a4 8. b4
c5 9. b5 d5 10. e3 Nbd7 11. Ne2 b6 12. h3 Qc7 13. g4 Bb7 14. Ng3 e5 15. g5
Ne8 16. h4 d4 17. Bxb7 Qxb7 18. e4 f6 19. Qg4 Nd6 20. Qe6+ Nf7 21. h5 Rfe8
22. Qg4 Nxg5 23. hxg6 hxg6 24. Nf3 Nxf3+ 25. Qxf3 Kf7 26. Qg4 Rh8 27. Rg1
Rh6 28. Nf5 gxf5 29. Qxg7+ Ke6 30. exf5+ Kd6 31. Qxh6 Qf3 32. Qg6 Rh8 33.
Qg4 Qd5 34. Qe4 c4 35. O-O-O c3 36. Qxd5+ Kxd5 37. Ba1 Rh2 38. Rg7 Nc5 39.
Rf1 Rh5 40. Rg8 Rxf5 41. Rb8 Nd7 42. Rd8 Kd6 43. Rc8 Rf3 44. Rc6+ Kd5 45.
Rc4 Nc5 46. Bxc3 dxc3 47. Rxc3 f5 48. Rc4 e4 49. Rc3 e3 50. Kd1 f4 51. Ke2
Rh3 52. fxe3 Rxe3+ 53. Kd2 Ke5 54. Rc4 {Black forfeits on time} 1-0

[Event "ICC Open 2015"]
[Site "Internet Chess Club"]
[Date "2015.05.30"]
[Round "9"]
[White "bennywins"]
[Black "MadMad"]
[Result "1-0"]
[ICCResult "Black forfeits on time"]
[WhiteElo "1195"]
[BlackElo "1481"]
[Opening "Sicilian: accelerated fianchetto, Maróczy bind"]
[ECO "B38"]
[NIC "SI.33"]
[Time "20:25:48"]
[TimeControl "180+0"]

1. e4 c5 2. Nf3 g6 3. d4 cxd4 4. Nxd4 Nc6 5. c4 Nf6 6. Nc3 Bg7 7. Be3 d6 8.
f3 Nxd4 9. Bxd4 O-O 10. Bxf6 Bxf6 11. Be2 Qa5 12. Qd2 Be6 13. O-O Rfc8 14.
Qd3 Bxc3 15. Qxc3 Qxc3 16. bxc3 Bxc4 17. Bxc4 Rxc4 18. Rab1 b6 19. Rfc1 Rac8
20. Rb3 Kg7 21. Kf2 a5 22. Ra3 b5 23. Ke2 b4 24. Rb3 bxc3 25. Kd3 c2 26. Rb2
a4 27. Rbxc2 Rxc2 28. Rxc2 Rb8 29. Kc4 Kf6 30. Kd5 Rb6 31. Rc7 e6+ 32. Kd4
Rb2 33. Rc3 Rxa2 34. Kd3 a3 35. Rc1 Rxg2 36. Ra1 a2 37. Kc3 Rxh2 38. Kb3 Rf2
39. Rxa2 Rxf3+ 40. Kc2 Re3 41. Ra4 h5 42. Kd2 Rg3 43. Ra1 h4 44. Rf1+ Ke5
45. Re1 h3 46. Rh1 Rg2+ 47. Ke3 h2 48. Kf3 Rb2 49. Kg3 Kxe4 50. Kh3 Rf2 51.
Kg3 Re2 52. Kh3 {Black forfeits on time} 1-0

[Event "ICC Open 2015"]
[Site "Internet Chess Club"]
[Date "2015.05.30"]
[Round "9"]
[White "Ernani"]
[Black "VerdeNotte"]
[Result "0-1"]
[ICCResult "White resigns"]
[WhiteElo "2646"]
[BlackElo "2854"]
[Opening "Réti opening"]
[ECO "A04"]
[NIC "KI.79"]
[Time "20:25:58"]
[TimeControl "180+0"]

1. Nf3 g6 2. c4 Bg7 3. d4 Nf6 4. g3 O-O 5. Bg2 d6 6. O-O Nc6 7. d5 Na5 8.
Qa4 c5 9. Bd2 b6 10. Bc3 Bd7 11. Qc2 Bf5 12. Qc1 b5 13. cxb5 a6 14. bxa6
Rxa6 15. Nfd2 Qd7 16. Na3 Rb8 17. Re1 Bh3 18. Bh1 Qf5 19. e4 Qh5 20. f3 e6
21. dxe6 Bxe6 22. Qd1 Nc6 23. Qe2 Raa8 24. Ndc4 d5 25. exd5 Bxd5 26. Rad1
Nd4 27. Bxd4 cxd4 28. Rxd4 Bf8 29. Rh4 Qf5 30. Bg2 Bc5+ 31. Kh1 Re8 32. Qd1
Rxe1+ 33. Qxe1 Re8 34. Qd1 Bxf3 35. Qf1 Bxg2+ 36. Kxg2 Qd5+ 37. Kh3 Ne4 38.
Rxe4 Rxe4 39. Qf3 Rh4+ {White resigns} 0-1

[Event "ICC Open 2015"]
[Site "Internet Chess Club"]
[Date "2015.05.30"]
[Round "9"]
[White "orak"]
[Black "graccus"]
[Result "1-0"]
[ICCResult "Black resigns"]
[WhiteElo "1606"]
[BlackElo "1351"]
[Opening "Sicilian defense"]
[ECO "B20"]
[NIC "SI.48"]
[Time "20:26:48"]
[TimeControl "180+0"]

1. e4 c5 2. c4 Nc6 3. Nc3 d6 4. g3 g6 5. Bg2 Bg7 6. h3 e6 7. Nge2 Nge7 8.
O-O O-O 9. d3 d5 10. cxd5 exd5 11. exd5 Nxd5 12. Nxd5 Be6 13. Nec3 b6 14.
Kh2 Rc8 15. Be3 Nb4 16. Nxb4 cxb4 17. Ne4 Bxb2 18. Rb1 Ba3 19. Qd2 Bf5 20.
Qe2 Rc7 21. Bc1 Qd7 22. Bxa3 bxa3 23. Rbc1 Rfc8 24. Nf6+ Kg7 25. Nxd7 Rxc1
26. Qe5+ Kg8 27. Nf6+ Kg7 28. Rxc1 {Black resigns} 1-0